[Event "January 2 Early 2024"]
[Site "https://www.chess.com"]
[Date "2024.01.02"]
[Round "1"]
[White "Souleidis, Georgios"]
[Black "Burdalev, Kirill"]
[Result "1-0"]
[Board "225"]
[TimeControl "180+1"]
[WhiteFideId "4206827"]
[BlackFideId "14121913"]
[WhiteElo "2620"]
[BlackElo "2271"]
[WhiteTeam "GRE"]
[BlackTeam "CZE"]
[WhiteClock "0:00:58"]
[BlackClock "0:00:00"]

1. e4 e5 2. Nf3 Nc6 3. Bc4 Bc5 4. d3 Nf6 5. a4 O-O 6. O-O a5 7. Be3 Bxe3 8. fxe3 d6 9. Nbd2 Ne7 10. Bb3 Ng6 11. Qe1 c6 12. Nh4 Nxh4 13. Qxh4 Be6 14. Bxe6 fxe6 15. Qh3 Qe7 16. Nc4 Nd7 17. Rxf8+ Nxf8 18. Rf1 Nd7 19. b3 d5 20. Nd2 Rf8 21. Rxf8+ Nxf8 22. Qg3 Qf6 23. Nf3 Nd7 24. exd5 exd5 25. Qg4 Qf7 26. Ng5 Qe7 27. Qf5 g6 28. Qe6+ Qxe6 29. Nxe6 b6 30. Kf2 c5 31. Nc7 Nf6 32. Na8 Nd7 33. Kf3 Kf7 34. Nc7 Nf6 35. e4 dxe4+ 36. dxe4 Ke7 37. Nd5+ Nxd5 38. exd5 Kd6 39. Ke4 b5 40. axb5 c4 41. b6 cxb3 42. cxb3 h5 43. h4 Kd7 44. Kxe5 Ke7 45. b7 1-0

[Event "January 2 Early 2024"]
[Site "https://www.chess.com"]
[Date "2024.01.02"]
[Round "1"]
[White "Szente Varga, Fruzsina"]
[Black "Bartel, Michal"]
[Result "0-1"]
[Board "226"]
[TimeControl "180+1"]
[WhiteFideId "712264"]
[BlackFideId "1119257"]
[WhiteElo "2270"]
[BlackElo "2620"]
[WhiteTeam "HUN"]
[BlackTeam "POL"]
[WhiteClock "0:00:02"]
[BlackClock "0:01:01"]

1. e4 e5 2. Nf3 Nc6 3. Bb5 g6 4. c3 d6 5. O-O Bg7 6. d4 Bd7 7. d5 Nce7 8. Qe2 h6 9. Bxd7+ Qxd7 10. c4 f5 11. Nc3 Nf6 12. Nd2 O-O 13. f3 g5 14. b4 a5 15. Rb1 axb4 16. Rxb4 b6 17. Bb2 g4 18. Rb1 Ng6 19. fxg4 Nf4 20. Qe3 Nxg4 21. Qg3 Rxa2 22. h3 Nf6 23. Kh2 Raa8 24. Bc1 Kh8 25. Qe3 Rg8 26. Ne2 Nxe2 27. Qxe2 Raf8 28. R4b3 f4 29. Nf1 Rf7 30. g3 Nh7 31. gxf4 exf4 32. Rf3 Be5 33. Bb2 Ng5 34. Bxe5+ dxe5 35. Rbb3 Nxf3+ 36. Rxf3 Rfg7 37. Rf2 Qf7 38. Qf3 Qg6 0-1

[Event "January 2 Early 2024"]
[Site "https://www.chess.com"]
[Date "2024.01.02"]
[Round "1"]
[White "Yagupov, Igor"]
[Black "Jahnz, Fabian"]
[Result "1-0"]
[Board "227"]
[TimeControl "180+1"]
[WhiteFideId "4113632"]
[BlackFideId "4653300"]
[WhiteElo "2618"]
[BlackElo "2267"]
[WhiteTeam "RUS"]
[BlackTeam "GER"]
[WhiteClock "0:00:11"]
[BlackClock "0:00:02"]

1. e4 c6 2. d4 d5 3. e5 Bf5 4. h4 Qc7 5. g4 Bd7 6. h5 c5 7. c3 cxd4 8. cxd4 Bxg4 9. f3 Bf5 10. Nc3 e6 11. Nge2 Nc6 12. Ng3 g6 13. hxg6 Bxg6 14. Bg5 Be7 15. f4 Bxg5 16. fxg5 a6 17. Qd2 Nge7 18. Rc1 Nf5 19. Nxf5 Bxf5 20. Bh3 Bxh3 21. Rxh3 O-O-O 22. Na4 Kb8 23. Nc5 Qa5 24. Rhc3 Rc8 25. a3 Ka7 26. Nd7 Qd8 27. Nf6 Qf8 28. Rh3 Qg7 29. Rh6 Ne7 30. Rxc8 Nxc8 31. b4 Ne7 32. Nh5 Qf8 33. Nf6 Qg7 34. Nh5 Qf8 35. Qc2 Nf5 36. Rf6 Ka8 37. Qc7 Qc8 38. Rxf7 Qxc7 39. Rxc7 Nxd4 40. Kf2 Rf8+ 41. Nf6 Nc6 42. Rxh7 Nxe5 43. Kg3 Ng6 44. Rg7 Ne5 45. Re7 Nc4 46. Rxe6 Nxa3 47. g6 Rc8 48. g7 Nc2 49. b5 axb5 50. Ne8 Rc3+ 51. Kf4 Nd4 52. g8=Q Nxe6+ 53. Qxe6 Rc4+ 54. Kf3 Ka7 55. Nd6 Rc6 56. Qd7 Kb6 57. Qxb7+ Kc5 58. Nf5 Rb6 59. Qa7 Kc6 60. Nd4+ Kc5 61. Ke3 b4 62. Kd3 b3 63. Qa5+ 1-0

[Event "January 2 Early 2024"]
[Site "https://www.chess.com"]
[Date "2024.01.02"]
[Round "1"]
[White "Brejnik, Gustav"]
[Black "Jia, Haoxiang"]
[Result "0-1"]
[Board "228"]
[TimeControl "180+1"]
[WhiteFideId "362662"]
[BlackFideId "8602999"]
[WhiteElo "2264"]
[BlackElo "2617"]
[WhiteTeam "CZE"]
[BlackTeam "CHN"]
[WhiteClock "0:00:01"]
[BlackClock "0:00:38"]

1. Nf3 Nf6 2. b3 e6 3. Bb2 b6 4. e3 Bb7 5. c4 c5 6. Nc3 d6 7. Qc2 Nbd7 8. Be2 Be7 9. O-O O-O 10. d4 a6 11. Rac1 Rc8 12. Rfd1 Qc7 13. Qb1 Qb8 14. Qa1 cxd4 15. exd4 Rfe8 16. Qb1 Bf8 17. Qd3 Qa8 18. Ne1 Ne4 19. Bf3 Nxc3 20. Rxc3 b5 21. cxb5 Bxf3 22. Nxf3 axb5 23. Qxb5 Nf6 24. a4 Rxc3 25. Bxc3 Rb8 26. Qc4 d5 27. Qc7 Rxb3 28. Ne5 Rb7 29. Qc6 Qa7 30. Be1 Rc7 31. Qb5 Ne4 32. a5 f6 33. Nc6 Qa8 34. Rc1 Nd6 35. Qb6 Rb7 36. Qd8 Qxd8 37. Nxd8 Ra7 38. Nxe6 Nc4 39. Nxf8 Kxf8 40. Bb4+ Kf7 41. Kf1 Nxa5 42. Ra1 Nc6 43. Rxa7+ Nxa7 44. Ke2 Ke6 45. Bc5 Nc6 46. f3 Na5 47. Kd3 Nc4 48. Bf8 g5 49. g4 Nb2+ 50. Ke2 Na4 51. Kd3 Nb6 52. Bc5 Nd7 53. Ba7 Nf8 54. Bb8 Ng6 55. Bg3 f5 56. gxf5+ Kxf5 57. Ke3 h5 58. Bd6 Nh4 59. Bg3 Ng2+ 60. Kf2 Nf4 61. Ke3 Ne6 62. Be5 g4 63. fxg4+ hxg4 64. Bg3 Ng5 65. Be5 Nf3 66. Bg3 Kg5 67. Bf4+ Kh4 68. Bg3+ Kh3 69. Kf4 Nxd4 70. Ke5 Nf3+ 71. Kxd5 Nxh2 72. Bf4 Nf1 73. Ke4 Kg2 74. Kf5 Kf3 75. Bd6 Ne3+ 76. Kg5 Ng2 77. Kh5 Nf4+ 78. Kh4 g3 79. Bc5 Nd3 80. Bb6 Nf2 81. Ba7 g2 0-1

[Event "January 2 Early 2024"]
[Site "https://www.chess.com"]
[Date "2024.01.02"]
[Round "1"]
[White "Stepanencu, Nicodim-Cosmin"]
[Black "Vanek, Tomas"]
[Result "1-0"]
[Board "229"]
[TimeControl "180+1"]
[WhiteFideId "1256220"]
[BlackFideId "313459"]
[WhiteElo "2617"]
[BlackElo "2261"]
[WhiteTeam "ROU"]
[BlackTeam "CZE"]
[WhiteClock "0:00:33"]
[BlackClock "0:00:52"]

1. c4 f5 2. Nc3 Nf6 3. g3 e5 4. Bg2 Be7 5. d3 c6 6. Nf3 d6 7. c5 O-O 8. cxd6 Bxd6 9. O-O Kh8 10. b3 Be6 11. Bb2 Bg8 12. Rc1 Nbd7 13. e3 Rc8 14. Qe2 Qe7 15. Rfd1 c5 16. Nd2 Nb6 17. Nc4 Nxc4 18. dxc4 f4 19. exf4 exf4 20. Qxe7 Bxe7 21. Bxb7 Rb8 22. Bf3 fxg3 23. hxg3 Bxc4 24. Ne4 Nxe4 25. Bxe4 Bg8 26. Rd7 Rfe8 27. Rxa7 c4 28. Bc6 Rec8 29. Rxe7 Rxc6 30. Bxg7# 1-0

[Event "January 2 Early 2024"]
[Site "https://www.chess.com"]
[Date "2024.01.02"]
[Round "1"]
[White "Chirivi C, Jenny Astrid"]
[Black "Mendes Aaron Reeve"]
[Result "0-1"]
[Board "230"]
[TimeControl "180+1"]
[WhiteFideId "4403061"]
[BlackFideId "25954938"]
[WhiteElo "2254"]
[BlackElo "2617"]
[WhiteTeam "COL"]
[BlackTeam "CAN"]
[WhiteClock "0:00:00"]
[BlackClock "0:00:36"]

1. d4 Nf6 2. c4 g6 3. Nc3 d5 4. Nf3 Bg7 5. Qb3 dxc4 6. Qxc4 O-O 7. e4 Nc6 8. d5 Na5 9. Qb4 c6 10. dxc6 Nxc6 11. Qa4 Nd7 12. Be2 Nc5 13. Qc2 Nb4 14. Qd1 Ncd3+ 15. Bxd3 Nxd3+ 16. Ke2 Nxc1+ 17. Rxc1 Qa5 18. Qd5 Qa6+ 19. Qd3 Be6 20. Qxa6 bxa6 21. b3 a5 22. Rhd1 Rfc8 23. Na4 h6 24. h3 f5 25. Nc5 Bf7 26. exf5 gxf5 27. Nd7 e5 28. Rxc8+ Rxc8 29. Nfxe5 Be6 30. f4 Rc7 31. Rd6 Rc2+ 32. Rd2 Rc3 33. Rd6 Bxd7 34. Nxd7 a4 35. bxa4 Ra3 36. Nf6+ Kf7 37. Nd5 Rxa2+ 38. Kf3 Rxa4 39. Ne3 Ra3 40. Ke2 Ra5 41. Kf3 Bf8 42. Rc6 h5 43. g3 Be7 44. Rh6 Bf6 45. Rxh5 Kg6 0-1

[Event "January 2 Early 2024"]
[Site "https://www.chess.com"]
[Date "2024.01.02"]
[Round "1"]
[White "Gubajdullin, Alexei"]
[Black "Rodriguez Avila, Alvaro"]
[Result "0-1"]
[Board "231"]
[TimeControl "180+1"]
[WhiteFideId "4141202"]
[BlackFideId "24570249"]
[WhiteElo "2615"]
[BlackElo "2253"]
[WhiteTeam "RUS"]
[BlackTeam "ESP"]
[WhiteClock "0:00:02"]
[BlackClock "0:00:09"]

1. e4 c5 2. d4 cxd4 3. c3 d3 4. Bxd3 Nc6 5. c4 g6 6. Nc3 Bg7 7. Nf3 d6 8. h3 Nf6 9. O-O O-O 10. Bg5 Ne5 11. Nxe5 dxe5 12. c5 Be6 13. Qe2 Qc7 14. b4 a6 15. Bc4 Bxc4 16. Qxc4 e6 17. Rfd1 Rfd8 18. a4 Rd4 19. Qb3 Rad8 20. Be3 Rxd1+ 21. Rxd1 Nh5 22. Rxd8+ Qxd8 23. Qd1 Qc7 24. g3 Bf8 25. Qd3 Nf6 26. Qc4 Nd7 27. Ne2 a5 28. bxa5 Nxc5 29. Nc3 Qxa5 30. Kg2 Qa6 31. Qb5 Qxb5 32. axb5 Bd6 33. f3 Kf8 34. Kf1 Ke7 35. Ke2 Kd7 36. Nb1 Na4 37. Kd3 Bc5 38. Bg5 Bd4 39. Na3 Kd6 40. f4 exf4 41. Kxd4 e5+ 42. Kd3 fxg3 43. Be3 f5 44. Nc4+ Ke6 45. Ke2 Nc3+ 46. Kf3 f4 47. Ba7 Nxb5 48. Bb8 Nd4+ 49. Kg2 Nc6 50. Bc7 b5 51. Nd2 g5 52. Nf3 h6 53. Nd2 b4 54. Kf3 Nd4+ 55. Kg2 b3 56. Bb6 b2 57. Bc5 Nb3 58. Ba3 Nxd2 59. Bxb2 Nxe4 60. Kf3 Kf5 61. Bc1 h5 62. Kg2 g4 63. hxg4+ hxg4 64. Kg1 f3 65. Be3 f2+ 66. Kg2 Nf6 67. Bd2 e4 68. Be3 Nd5 69. Bd4 e3 70. Kf1 Ke4 71. Bc5 Kf3 72. Bxe3 g2# 0-1

[Event "January 2 Early 2024"]
[Site "https://www.chess.com"]
[Date "2024.01.02"]
[Round "1"]
[White "Cueto, Jonny"]
[Black "Avramidou, Anastasia"]
[Result "0-1"]
[Board "232"]
[TimeControl "180+1"]
[WhiteFideId "3300145"]
[BlackFideId "4239873"]
[WhiteElo "2249"]
[BlackElo "2614"]
[WhiteTeam "BOL"]
[BlackTeam "GRE"]
[WhiteClock "0:00:23"]
[BlackClock "0:00:55"]

1. d4 g6 2. Bf4 Bg7 3. Nc3 d6 4. e4 a6 5. h4 h5 6. Nf3 b5 7. Qd2 Bb7 8. Ng5 Nd7 9. f3 Nb6 10. O-O-O Nf6 11. e5 Nfd5 12. Bd3 dxe5 13. dxe5 Nxc3 14. Qxc3 Nd5 15. Qd2 e6 16. Rhe1 Qe7 17. Kb1 O-O-O 18. Bg3 Kb8 19. Qa5 Rd7 20. Bf2 Qb4 21. Qxb4 Nxb4 22. Be4 Nd5 23. Bg3 Rhd8 24. Bd3 Bh6 25. a3 Bxg5 26. hxg5 c5 27. Kc1 Ne7 28. Be4 Rxd1+ 29. Rxd1 Rxd1+ 30. Kxd1 Bxe4 31. fxe4 Nc6 32. c3 Kc7 33. Ke2 Ne7 34. Bf2 Kc6 35. Kf3 Nc8 36. g4 hxg4+ 37. Kxg4 Nb6 38. b3 c4 39. Bxb6 cxb3 40. Bd4 b2 41. c4 b1=Q 42. cxb5+ Kxb5 43. Be3 Qxe4+ 0-1

[Event "January 2 Early 2024"]
[Site "https://www.chess.com"]
[Date "2024.01.02"]
[Round "1"]
[White "Al-Tarboush, Ward"]
[Black "Arshiya Das"]
[Result "1-0"]
[Board "233"]
[TimeControl "180+1"]
[WhiteFideId "7601450"]
[BlackFideId "25652150"]
[WhiteElo "2613"]
[BlackElo "2247"]
[WhiteTeam "NOR"]
[BlackTeam "IND"]
[WhiteClock "0:01:33"]
[BlackClock "0:01:32"]

1. e4 c5 2. Nf3 d6 3. d4 cxd4 4. Nxd4 Nf6 5. Nc3 a6 6. h3 e5 7. Nde2 h5 8. Bg5 Nc6 9. g3 Be6 10. Bg2 Be7 11. Qd2 b5 12. O-O-O b4 13. Bxf6 bxc3 14. Qxc3 gxf6 15. Qxc6+ Bd7 16. Qd5 Be6 17. Qc6+ Bd7 18. Qc3 Rc8 19. Qd2 Be6 20. Nc3 Qa5 21. a3 Kd7 22. Nd5 Qc5 23. Rhe1 h4 24. g4 Bxd5 25. exd5 Bf8 26. Kb1 Bh6 27. Qd3 Ke7 28. Be4 Rc7 29. Qxa6 Rb8 30. Ka1 Ra7 31. Qd3 Rab7 32. Rb1 Qxf2 33. Rf1 Qc5 34. b4 Qb6 35. c4 Be3 36. c5 Bd4+ 37. Qxd4 exd4 38. cxb6 Rxb6 39. Bd3 Kd7 1-0

[Event "January 2 Early 2024"]
[Site "https://www.chess.com"]
[Date "2024.01.02"]
[Round "1"]
[White "Fernandez Hernandez, Gerardo"]
[Black "Assylov, Miras"]
[Result "0-1"]
[Board "234"]
[TimeControl "180+1"]
[WhiteFideId "2207400"]
[BlackFideId "13728873"]
[WhiteElo "2243"]
[BlackElo "2613"]
[WhiteTeam "ESP"]
[BlackTeam "KAZ"]
[WhiteClock "0:01:08"]
[BlackClock "0:00:49"]

1. e4 g6 2. d3 Bg7 3. g3 d5 4. Nd2 Nf6 5. Bg2 O-O 6. Ngf3 c5 7. O-O Nc6 8. Re1 e5 9. exd5 Nxd5 10. Nc4 Re8 11. a4 h6 12. c3 Rb8 13. Qb3 Be6 14. Nfxe5 Nxe5 15. Nxe5 Nf4 16. Qc2 Nxg2 17. Kxg2 Bxe5 18. Rxe5 Bd5+ 19. Re4 Bxe4+ 20. dxe4 Kh7 21. Bf4 Rc8 22. h4 h5 23. Rd1 Qe7 24. e5 Rcd8 25. Rd6 Rxd6 26. exd6 Qd7 27. Qd3 Qc6+ 28. Kf1 Qh1# 0-1

[Event "January 2 Early 2024"]
[Site "https://www.chess.com"]
[Date "2024.01.02"]
[Round "1"]
[White "Manukyan, Sargis A."]
[Black "Merikard"]
[Result "1-0"]
[Board "235"]
[TimeControl "180+1"]
[WhiteFideId "13303970"]
[WhiteElo "2612"]
[BlackElo "2241"]
[WhiteTeam "ARM"]
[WhiteClock "0:01:38"]
[BlackClock "0:00:30"]

1. d4 b6 2. c4 Bb7 3. Nc3 e6 4. a3 g6 5. Nf3 Bg7 6. Bf4 Ne7 7. h3 d6 8. e3 Nd7 9. Be2 a6 10. O-O O-O 11. b4 h6 12. Bh2 f5 13. Rc1 Kh7 14. Qb3 Rb8 15. Rfd1 Nf6 16. c5 bxc5 17. dxc5 Ned5 18. Nxd5 Bxd5 19. Qa4 Ne4 20. cxd6 cxd6 21. Nd4 Qe8 22. Qxe8 Rfxe8 23. Bxa6 Ra8 24. Bb5 Rec8 25. Rxc8 Rxc8 26. Bd7 Ra8 27. Bxe6 Bxe6 28. Nxe6 Rxa3 29. Nxg7 Kxg7 30. Bxd6 Rb3 31. Bc5 Kf7 32. g4 fxg4 33. hxg4 Nxc5 34. bxc5 Rc3 35. Rd5 Ke6 36. Rd6+ Kf7 37. Rc6 Rc4 38. f3 Rc2 39. Kf1 h5 40. gxh5 gxh5 41. e4 Kg7 42. Rc7+ Kg6 43. Rc8 h4 44. c6 Kg7 45. c7 h3 46. Kg1 Kh7 47. f4 Kg7 48. f5 Kh7 49. f6 Rc6 50. f7 1-0

[Event "January 2 Early 2024"]
[Site "https://www.chess.com"]
[Date "2024.01.02"]
[Round "1"]
[White "Slavin, Alexey"]
[Black "Toman, Ondrej"]
[Result "1-0"]
[Board "236"]
[TimeControl "180+1"]
[WhiteFideId "24104388"]
[BlackFideId "344516"]
[WhiteElo "2236"]
[BlackElo "2611"]
[WhiteTeam "RUS"]
[BlackTeam "CZE"]
[WhiteClock "0:00:41"]
[BlackClock "0:00:05"]

1. e4 c6 2. d4 d5 3. e5 Bf5 4. Nf3 e6 5. Be2 c5 6. Be3 cxd4 7. Nxd4 Ne7 8. O-O Nbc6 9. Nxf5 exf5 10. f4 Qd7 11. c3 g6 12. Nd2 Bg7 13. Nb3 b6 14. Qd2 O-O 15. Rad1 Rad8 16. Bb5 Qb7 17. Qe2 Nb8 18. Rd2 a6 19. Bd3 Rd7 20. Qf2 Nc8 21. Rfd1 Rfd8 22. Bf1 Bf8 23. Be2 h5 24. Bf3 b5 25. Bc5 Qa8 26. g3 a5 27. Qg2 a4 28. Bxf8 axb3 29. Ba3 bxa2 30. Ra1 Qa7+ 31. Qf2 Qxf2+ 32. Kxf2 Ne7 33. Rxa2 Nbc6 34. Ra1 d4 35. Rad1 b4 36. cxb4 Nd5 37. b5 Na5 38. Rxd4 Nb6 39. Rxd7 Rxd7 40. Rxd7 Nxd7 41. Bc6 Nb6 42. Bc5 Na4 43. Bb4 Nc4 44. b3 Nab2 45. bxc4 Nd3+ 46. Ke3 Nxb4 47. Kd4 Kf8 48. b6 Ke7 49. Kc5 Na6+ 50. Kb5 Nb8 51. c5 Kd8 52. Bd5 Ke7 53. c6 f6 54. c7 Nd7 55. e6 Nf8 56. c8=Q g5 57. Qc7+ Ke8 58. Qf7+ Kd8 59. Qxf8# 1-0

[Event "January 2 Early 2024"]
[Site "https://www.chess.com"]
[Date "2024.01.02"]
[Round "1"]
[White "Palczert, Matyas"]
[Black "Skurikhin, Dmitrij"]
[Result "0-1"]
[Board "237"]
[TimeControl "180+1"]
[WhiteFideId "784958"]
[BlackFideId "4161297"]
[WhiteElo "2611"]
[BlackElo "2234"]
[WhiteTeam "HUN"]
[BlackTeam "RUS"]
[WhiteClock "0:00:00"]
[BlackClock "0:00:31"]

1. d4 d5 2. e4 e6 3. Nc3 Nf6 4. f3 c5 5. exd5 exd5 6. Bb5+ Nc6 7. Nge2 Be6 8. dxc5 Bxc5 9. Bg5 Qb6 10. Bxf6 gxf6 11. Qd3 Bf2+ 12. Kf1 Bc5 13. Na4 Bf5 14. Nxb6 Bxd3 15. Nxa8 Bxe2+ 16. Bxe2 Kd7 17. Rd1 d4 18. Bb5 Rxa8 19. c3 Kc7 20. Bxc6 bxc6 21. cxd4 Bb6 22. Ke2 Rd8 23. Ke3 Kd6 24. Ke4 Ke6 25. Rhe1 f5+ 26. Kd3+ Kf6 27. Kc4 Rd5 28. Re5 Rd7 29. a4 Rb7 30. a5 Bxd4 31. Re2 c5 32. Kd5 Rb5 33. g4 Rxa5 34. h4 h6 35. Rg2 Be3 36. Re1 f4 37. g5+ hxg5 38. hxg5+ Kg6 39. Rh1 Bd4 40. Rh6+ Kf5 41. Rc6 Rb5 42. g6 fxg6 43. Rcxg6 Bf6 44. Rg8 Rb3 45. Rh2 Rd3+ 46. Kxc5 Rxf3 47. Rh5+ Ke4 0-1

[Event "January 2 Early 2024"]
[Site "https://www.chess.com"]
[Date "2024.01.02"]
[Round "1"]
[White "Chemin, Justo Reinaldo"]
[Black "Mezhlumyan, Vahram"]
[Result "0-1"]
[Board "238"]
[TimeControl "180+1"]
[WhiteFideId "2101580"]
[BlackFideId "13302183"]
[WhiteElo "2228"]
[BlackElo "2611"]
[WhiteTeam "BRA"]
[BlackTeam "ARM"]
[WhiteClock "0:00:00"]
[BlackClock "0:00:54"]

1. d4 d5 2. c4 e6 3. Nc3 Nf6 4. e3 Be7 5. Nf3 O-O 6. Bd3 b6 7. b3 c5 8. dxc5 bxc5 9. Bb2 Bb7 10. O-O Nc6 11. Qe2 Re8 12. Rad1 Qa5 13. cxd5 exd5 14. a3 Rab8 15. Bc2 Ba6 16. Bd3 Bxd3 17. Rxd3 c4 18. bxc4 dxc4 19. Rd2 Rxb2 20. Rxb2 Qxc3 21. Rc2 Qxa3 22. Qxc4 Nb4 23. Rc3 Qa5 24. Rb1 h6 25. Qc7 Qa2 26. Rbc1 Nfd5 27. Qd7 Nxc3 28. Qxe8+ Bf8 29. Rf1 Qc4 30. Ne5 Qe6 31. Qxe6 fxe6 32. Ra1 a6 33. Nd7 Bd6 34. Nb8 Bxb8 35. g4 Bc7 36. Kg2 a5 37. Rc1 Nbd5 38. e4 Nxe4 39. Rc6 Kf7 40. Ra6 Nc5 41. Ra7 a4 42. h4 Kf6 43. f4 Nxf4+ 44. Kf3 Nd5 45. g5+ hxg5 46. hxg5+ Kxg5 47. Ke2 Kf5 48. Kf3 g5 0-1

[Event "January 2 Early 2024"]
[Site "https://www.chess.com"]
[Date "2024.01.02"]
[Round "1"]
[White "Petre, Nad-Titus"]
[Black "Travadon, Loic"]
[Result "0-1"]
[Board "239"]
[TimeControl "180+1"]
[WhiteFideId "1204165"]
[BlackFideId "26092131"]
[WhiteElo "2610"]
[BlackElo "2227"]
[WhiteTeam "ROU"]
[BlackTeam "FRA"]
[WhiteClock "0:00:10"]
[BlackClock "0:00:27"]

1. Nf3 Nf6 2. g3 e6 3. Bg2 d5 4. O-O b5 5. d3 Bb7 6. Nbd2 Nbd7 7. e4 dxe4 8. Ng5 Be7 9. Ndxe4 Qc8 10. Nxf7 Kxf7 11. Ng5+ Kg8 12. Qe2 Nf8 13. Bxb7 Qxb7 14. Nxe6 Re8 15. Nxf8 Bxf8 16. Be3 h6 17. Rae1 Kh7 18. d4 Bd6 19. Qd3+ Qe4 20. Qxb5 Qxc2 21. Re2 Qg6 22. Rfe1 Rb8 23. Qa6 Rhe8 24. b3 Ng4 25. Qxa7 Qh5 26. f3 Nxe3 27. Rxe3 Ra8 28. Qb7 Rxa2 29. R1e2 Rxe2 0-1

[Event "January 2 Early 2024"]
[Site "https://www.chess.com"]
[Date "2024.01.02"]
[Round "1"]
[White "Daurimbetov, Azamat"]
[Black "Rama, Tejas"]
[Result "1-0"]
[Board "240"]
[TimeControl "180+1"]
[WhiteFideId "14201950"]
[BlackFideId "30907381"]
[WhiteElo "2223"]
[BlackElo "2608"]
[WhiteTeam "UZB"]
[BlackTeam "USA"]
[WhiteClock "0:00:05"]
[BlackClock "0:00:09"]

1. e4 e5 2. Nf3 Nc6 3. Bb5 a6 4. Ba4 Nf6 5. Bxc6 dxc6 6. d3 Bd6 7. O-O Be6 8. Nbd2 Nd7 9. Nc4 Bxc4 10. dxc4 Qe7 11. Qe2 O-O-O 12. c3 f6 13. b4 Qe6 14. Nh4 Nf8 15. a4 Ng6 16. Nf5 Qd7 17. Rd1 Qf7 18. b5 Bc5 19. Be3 Nf4 20. Bxf4 exf4 21. bxc6 bxc6 22. Qg4 Kb7 23. Rab1+ Ka8 24. Qxg7 Qxg7 25. Nxg7 Rxd1+ 26. Rxd1 f3 27. g3 Re8 28. Re1 Rb8 29. Ne6 Bd6 30. Nd4 Be5 31. Nxf3 Bxc3 32. Rc1 Be5 33. Nxe5 fxe5 34. f4 exf4 35. gxf4 Rb4 36. f5 Rb8 37. Kf2 Re8 38. Kf3 Kb7 39. Kf4 Kc8 40. f6 Kd7 41. Rd1+ Ke6 42. e5 Rb8 43. Re1 Rb4 44. Kg5 Rxc4 45. Kh6 Rh4+ 46. Kg7 Rxh2 47. Kf8 Rf2 48. Ke8 h5 49. Rd1 Kxe5 50. f7 h4 51. Rh1 Rf4 52. f8=Q Rxf8+ 53. Kxf8 Kd4 54. Rxh4+ Kc5 55. Ke7 Kd5 56. Kd7 c5 57. Kxc7 c4 58. Kb6 c3 59. Kxa6 c2 60. Rh1 Kc4 61. a5 Kb3 62. Kb5 1-0

[Event "January 2 Early 2024"]
[Site "https://www.chess.com"]
[Date "2024.01.02"]
[Round "1"]
[White "Manukian, Artak"]
[Black "Piddubna, Bozhena"]
[Result "1-0"]
[Board "241"]
[TimeControl "180+1"]
[WhiteFideId "13301373"]
[BlackFideId "34109293"]
[WhiteElo "2607"]
[BlackElo "2219"]
[WhiteTeam "ARM"]
[BlackTeam "UKR"]
[WhiteClock "0:00:18"]
[BlackClock "0:00:00"]

1. e4 e5 2. Nf3 Nc6 3. d4 exd4 4. Nxd4 Nf6 5. Nxc6 bxc6 6. e5 Qe7 7. Qe2 Nd5 8. c4 Nb6 9. g3 g6 10. Bg2 Bg7 11. f4 Qe6 12. b3 a5 13. a4 O-O 14. Bb2 d5 15. Nd2 f6 16. exf6 Bxf6 17. Qxe6+ Bxe6 18. Bxf6 Rxf6 19. Rc1 Bf7 20. Kf2 g5 21. cxd5 cxd5 22. Rxc7 gxf4 23. g4 Rc8 24. Rhc1 Rxc7 25. Rxc7 d4 26. Ne4 Rg6 27. g5 Nd5 28. Rd7 Nc3 29. Nf6+ Kg7 30. h4 h6 31. Nh5+ Kf8 32. Nxf4 Rb6 33. Rxd4 hxg5 34. hxg5 Bxb3 35. g6 Rf6 36. Kg3 Kg7 37. Nh5+ Kxg6 38. Nxf6 Kxf6 39. Rd6+ Ke5 40. Ra6 Bxa4 41. Rxa5+ Kd4 42. Bf3 Bc2 43. Kf2 Bd3 44. Ra8 Bc4 45. Rd8+ Bd5 46. Kg3 Kc5 47. Bxd5 Nxd5 48. Kg4 Kc4 49. Kf5 Ne7+ 50. Ke6 Nc6 51. Rc8 Kb5 52. Kd6 Nb4 53. Rc5+ Kb6 54. Rc4 Nd3 55. Rd4 Nf2 56. Ke5 1-0

[Event "January 2 Early 2024"]
[Site "https://www.chess.com"]
[Date "2024.01.02"]
[Round "1"]
[White "Zainullina, Nataliya"]
[Black "Chitre Arush"]
[Result "0-1"]
[Board "242"]
[TimeControl "180+1"]
[WhiteFideId "4145488"]
[BlackFideId "25959026"]
[WhiteElo "2212"]
[BlackElo "2607"]
[WhiteTeam "RUS"]
[BlackTeam "IND"]
[WhiteClock "0:01:00"]
[BlackClock "0:02:13"]

1. e4 c6 2. Nc3 d5 3. Nf3 Bg4 4. exd5 cxd5 5. h3 Bxf3 6. Qxf3 Nf6 7. d4 Nc6 8. Be3 e6 9. Qg3 Qa5 10. Bb5 Ne4 11. Bxc6+ bxc6 12. Qf3 Ba3 13. O-O Bxb2 14. Nxe4 dxe4 15. Qxe4 Bxa1 16. Qxc6+ Ke7 17. Bg5+ Qxg5 18. Rxa1 Rhc8 19. Qb7+ Kf8 0-1

[Event "January 2 Early 2024"]
[Site "https://www.chess.com"]
[Date "2024.01.02"]
[Round "1"]
[White "Niedbala, Bartlomiej"]
[Black "Harper, Ryan"]
[Result "1-0"]
[Board "243"]
[TimeControl "180+1"]
[WhiteFideId "21834008"]
[BlackFideId "7700156"]
[WhiteElo "2606"]
[BlackElo "2212"]
[WhiteTeam "POL"]
[BlackTeam "TTO"]
[WhiteClock "0:00:18"]
[BlackClock "0:00:00"]

1. e4 c5 2. Nf3 d6 3. d4 cxd4 4. Nxd4 Nf6 5. Nc3 g6 6. Be3 Bg7 7. f3 O-O 8. Qd2 Nc6 9. O-O-O Bd7 10. g4 Rc8 11. h4 Ne5 12. h5 Qa5 13. Nb3 Nxf3 14. Nxa5 Nxd2 15. Rxd2 Nxg4 16. Bd4 Ne5 17. h6 Bh8 18. Bxa7 Ra8 19. Bb6 Nf3 20. Rf2 Ne5 21. Nd5 Rae8 22. Be2 Bc6 23. Rhf1 Bxd5 24. exd5 f5 25. Kb1 Ra8 26. Nb3 Ra4 27. a3 Rh4 28. Be3 Bf6 29. Bc1 Kf7 30. c3 Rg8 31. Nd4 Ng4 32. Bxg4 Rxg4 33. Ne6 Bh4 34. Rf3 Kf6 35. Kc2 1-0

[Event "January 2 Early 2024"]
[Site "https://www.chess.com"]
[Date "2024.01.02"]
[Round "1"]
[White "Lye, Sverre"]
[Black "Andrews, Todd"]
[Result "0-1"]
[Board "244"]
[TimeControl "180+1"]
[WhiteFideId "1539353"]
[BlackFideId "2012456"]
[WhiteElo "2204"]
[BlackElo "2604"]
[WhiteTeam "NOR"]
[BlackTeam "USA"]
[WhiteClock "0:00:50"]
[BlackClock "0:01:31"]

1. e4 e6 2. d4 d5 3. Bd3 dxe4 4. Bxe4 Nf6 5. Bd3 Nbd7 6. Nf3 Bd6 7. O-O O-O 8. Nbd2 e5 9. dxe5 Nxe5 10. Nxe5 Bxe5 11. Ne4 Nxe4 12. Bxe4 Bxh2+ 13. Kxh2 Qh4+ 14. Kg1 Qxe4 15. Be3 Be6 16. Qd4 Qg6 17. Qd3 Bf5 18. Qd2 Bxc2 19. Rfc1 Be4 20. f3 Bxf3 21. Qf2 Bc6 22. b4 a6 23. a4 Rfe8 24. Re1 h6 25. Bf4 Rxe1+ 26. Rxe1 Bxa4 27. Bxc7 Bc6 28. Bb6 Rc8 29. Re3 Be4 30. Rg3 Rc1+ 31. Kh2 Qh5+ 32. Rh3 Qe5+ 33. Qg3 Qxg3+ 34. Rxg3 f6 35. Re3 f5 36. g4 Rh1+ 37. Kg3 Rg1+ 38. Kf4 Rxg4+ 39. Ke5 Kf7 40. Rc3 h5 41. Rc7+ Kg6 42. Bc5 h4 43. Bf8 Kh6 44. Rf7 h3 45. Rf6+ Rg6 46. Rxg6+ Kxg6 0-1

[Event "January 2 Early 2024"]
[Site "https://www.chess.com"]
[Date "2024.01.02"]
[Round "1"]
[White "Domingo Nunez, Ruben"]
[Black "Gutierrez Carmona, Juan Alejandro"]
[Result "1-0"]
[Board "245"]
[TimeControl "180+1"]
[WhiteFideId "22245570"]
[BlackFideId "5106770"]
[WhiteElo "2604"]
[BlackElo "2202"]
[WhiteTeam "ESP"]
[BlackTeam "MEX"]
[WhiteClock "0:01:39"]
[BlackClock "0:00:00"]

1. f4 Nf6 2. b3 g6 3. Bb2 Bg7 4. e4 O-O 5. e5 Ne8 6. Nf3 d6 7. Be2 c5 8. O-O Nc6 9. Qc1 Bg4 10. Na3 dxe5 11. fxe5 Nxe5 12. Nxe5 Bxe2 13. Rf2 Ba6 14. Qe1 f6 15. Nd3 Bxd3 16. Qe6+ Kh8 17. cxd3 Nc7 18. Qc4 b6 19. h4 e5 20. h5 Qd5 21. Qg4 Qxd3 22. Rf3 f5 23. Rxd3 fxg4 24. h6 Bxh6 25. Re1 Bg7 26. Rxe5 1-0